 Dungeon Sprint DCSS version 0.29-a0-284-gf9362112df (webtiles) character file.

Game seed: 6686817910437926891

166 Zeld the Cleaver (level 5, -5/53 HPs)
             Began as a Minotaur Monk on Mar 29, 2022.
             Killed from afar by a white imp (7 damage)
             ... with a puff of frost
             ... summoned by a kobold demonologist
             ... in the Dungeon (Sprint III: "The Ten Rune Challenge").
             The game lasted 00:00:36 (453 turns).

Zeld the Cleaver (Minotaur Monk)                     Turns: 453, Time: 00:00:37

Health: -5/53      AC:  2    Str: 17    XL:     5   Next: 22%
Magic:  4/4        EV: 14    Int:  7    God:
Gold:   0          SH:  0    Dex: 13    Spells: 4/4 levels left

rFire   . . .      SeeInvis .   a - +0 hand axe
rCold   . . .      Faith    .   (no shield)
rNeg    . . .      Spirit   .   b - +0 robe
rPois   .          Reflect  .   (helmet restricted)
rElec   .          Harm     .   (no cloak)
rCorr   .          Rampage  .   (no gloves)
Will    .....      NoTele   +   (no boots)
Stlth   ++........              (no amulet)
HPRegen 0.17/turn               (no ring)
MPRegen 0.09/turn               (no ring)

@: no status effects
A: horns 2, retaliatory headbutt
a: no special abilities


You were in the Dungeon.
You visited 1 branch

Inventory:

Hand Weapons
 a - a +0 hand axe (weapon)
Armour
 b - a +0 robe (worn)
Jewellery
 l - a ring of protection from cold
Scrolls
 i - a scroll of blinking
 j - a scroll of immolation {unknown}
Potions
 c - a potion of ambrosia
 d - a potion of curing
 e - a potion of heal wounds
 f - a potion of haste
 g - 2 potions of magic
 k - a potion of degeneration {unknown}


   Skills:
 + Level 8.1 Fighting
 + Level 8.2 Axes
 + Level 6.8 Dodging
 + Level 3.2 Stealth


You had 4 spell levels left.
You didn't know any spells.
Your spell library was empty.

Dungeon Overview and Level Annotations

Branches:
Dungeon (1/1)

Altars:
Elyvilon
Kikubaaqudgha
Sif Muna
Vehumet
Zin
The Shining One


Innate Abilities, Weirdness & Mutations

You have a pair of horns on your head.
You reflexively headbutt those who attack you in melee.


Message History

Your Axes skill increases to level 8!
Your Stealth skill increases to level 3!
You have reached level 5!
There is an open door to the Ecumenical Temple here.
There is a fountain of clear blue water here.
You start resting.
You recover from your berserk rage.
You start resting.
You open the door.
A wizard comes into view. It is wielding a +0 dagger.
The wizard shouts!
You hear a shout!
The wizard casts a spell.
The wizard flickers and vanishes!
Deactivating autopickup; reactivate with Ctrl-A.
Found a book of Maledictions.
Found three altars.
You close the door.
Something unseen breaks down the door.
A kobold demonologist comes into view. It is wielding a +0 dagger.
The kobold demonologist looks satisfied for a moment.
There is a fountain of clear blue water here.
The kobold demonologist mumbles some strange words.
You open the door.
Found a glowing silver altar of Zin.
A deep elf pyromancer comes into view.
It is wielding a +0 long sword of holy wrath.
Found a potion of heal wounds.
Found two altars.
The deep elf pyromancer shouts!
The deep elf pyromancer mumbles some strange words.
The deep elf pyromancer blinks!
There is an open door here.
The kobold demonologist casts a spell.
Something hits you.
The deep elf pyromancer hits you with a +0 long sword of holy wrath!
The hellwing hits you! The hellwing hits you.
The deep elf pyromancer hits you with a +0 long sword of holy wrath!
* * * LOW HITPOINT WARNING * * *
The kobold demonologist gestures wildly while chanting.
The deep elf pyromancer hits you with a +0 long sword of holy wrath!
* * * LOW HITPOINT WARNING * * *
The white imp gestures at you. The puff of frost hits you!
You die...

▓ ▓▓▓ #### ##.#####
...## #..#___# ....#
#..#!..# #...#
#..###'#+###+## ##..#
+#..#5.5.{@....# ##..#
#...'.⌠54e.....#
#.†####...#.K.######+#
#..###....#5⌠.#
...##.....#...#
...#†.....#'###
.##.#.....#.:
.#####....#___ ▓▓
▓▓▓▓▓▓▓▓▓▓


You could see a hellwing (summoned), a deep elf pyromancer, a kobold
demonologist, 2 crimson imps, a white imp (summoned) and an ufetubus (summoned).

Vanquished Creatures
  A scorpion (D)
  A water elemental (D)
  Jessica (D)
  A human (D)
  An endoplasm (D)
  2 rats (D)
7 creatures vanquished.

Notes
Turn   | Place    | Note
-------+----------+-------------------------------------------
     0 | D        | Zeld the Minotaur Monk began the quest for the Orb.
     0 | D        | Reached XP level 1. HP: 19/19 MP: 0/0
    48 | D        | Noticed Jessica
    59 | D        | Killed Jessica
    60 | D        | Reached skill level 5 in Fighting
    60 | D        | Reached skill level 5 in Axes
    60 | D        | Reached XP level 2. HP: 3/29 MP: 1/1
   355 | D        | Reached XP level 3. HP: 36/36 MP: 2/2
   360 | D        | Noticed a scorpion
   372 | D        | Reached skill level 5 in Dodging
   375 | D        | Killed a scorpion
   376 | D        | Reached XP level 4. HP: 47/47 MP: 3/3
   411 | D        | Noticed a water elemental
   422 | D        | Killed a water elemental
   423 | D        | Reached XP level 5. HP: 44/53 MP: 4/4
   443 | D        | Found a radiant altar of Vehumet.
   443 | D        | Found a shimmering blue altar of Sif Muna.
   443 | D        | Found an ancient bone altar of Kikubaaqudgha.
   449 | D        | Noticed a hellwing
   449 | D        | Found a glowing silver altar of Zin.
   450 | D        | Found a glowing golden altar of the Shining One.
   450 | D        | Found a white marble altar of Elyvilon.
   450 | D        | Noticed a deep elf pyromancer
   453 | D        | HP: 2/53 [deep elf pyromancer/+0 long sword of holy wrath
                  | (13)]
   453 | D        | Killed from afar by a white imp

Illustrated notes

Levels and vault maps discovered:
D:        dungeon_sprint_mu [sprint_mu_entry_cave, sprint_mu_temple_rooms,
          sprint_mu_d1_spiders, sprint_mu_d2_genie, sprint_mu_d3_branching,
          sprint_mu_orc_legion, sprint_mu_elf_gauntlet, sprint_mu_hive_nellie,
          sprint_mu_lair_fedhas, sprint_mu_vaults_butterflies,
          sprint_mu_slime_circle, sprint_mu_swamp_cave, sprint_mu_snake_twists,
          sprint_mu_blade_basic, sprint_mu_crypt_fortress,
          sprint_mu_tomb_spiral, sprint_mu_vestibule_basic,
          sprint_mu_gehenna_hellfire, sprint_mu_dis_giant,
          sprint_mu_tartarus_statrot, sprint_mu_cocytus_islands, sprint_mu_zot1]

Skill      XL: |  1  2  3  4 |
---------------+-------------+-----
Fighting       | 5 7 8 |  8.1
Axes           | 5 7 8 |  8.2
Dodging        | 4 6 |  6.8
Stealth        | 2 3 |  3.2

Action                   |  1- 3 |  4- 6 || total
-------------------------+-------+-------++-------
Melee: Hand axe          |    14 |     8 ||    22
       Headbutt          |     4 |     1 ||     5
  Use: Potion            |     1 |       ||     1
 Stab: Sleeping          |     1 |       ||     1
Armor: Robe              |       |     1 ||     1
Dodge: Dodged            |     9 |     6 ||    15

Table legend: (Time is in decaauts)
 A = Elapsed time spent in this place.
 B = Non-inter-level travel time spent in this place.
 C = Inter-level travel time spent in this place.
 D = Time resting spent in this place.
 E = Time spent auto-exploring this place.
 F = Levels seen in this place.
 G = Mean time per level.
                   A        B        C        D        E       F      G
               +--------+--------+--------+--------+--------+-----+--------+
         Total |    464 |    464 |      0 |     43 |    350 |   1 |  464.0 |
       Dungeon |    464 |    464 |      0 |     43 |    350 |   1 |  464.0 |
               +--------+--------+--------+--------+--------+-----+--------+

Top non-repeatable levels by time:
       D: 464 daAuts
